AoeStats
← TheEragon35

Arabia

514549474Analyzed
3v3 RM · 19d ago on Oct 18, 2026· 42m 31s· 6 players
Game mode
Random Map
Map size
Normal (6 player)
Population
200
Speed
Normal
Resources
Standard
Victory
Conquest
Starting age
Dark Age
Ending age
Imperial Age
RankedLock teamsTeams togetherTeam positionsShared explorationLock speedFull tech treeHidden civsTurbo modeCheats
Victory
Defeat
🇫🇷 Magyars · France
1023
+13
🇫🇷 Bohemians · France
1014
+13
🇫🇷 Italians · France
967
+15
vs
977
-15
🇨🇳 Ethiopians · China
945
-13
🇩🇪 Celts · Germany
929
-13
DanNukes
4:19 Loom
12:13 Feudal Age
13:33 Wheelbarrow
12:43 Horse Collar
12:51 Double-Bit Axe
18:10 Town Watch
21:50 Castle Age
20:33 Forging
20:58 Stone Mining
21:22 Scale Barding Armor
21:42 Arson
22:03 Scale Mail Armor
22:16 Light Cavalry
26:19 Heavy Plow
29:11 Hand Cart
30:11 Chain Mail Armor
32:39 Bow Saw
33:39 Husbandry
39:09 Imperial Age
38:49 Gold Mining
39:37 Iron Casting
39:28 Capped Ram
40:39 Elite Woad Raider
41:42 Conscription
42:36 Blast Furnace
86309428
12:35 Feudal Age
14:18 Double-Bit Axe
19:04 Castle Age
19:48 Crossbowman
23:36 Wheelbarrow
23:17 Squires
23:23 Loom
24:02 Fletching
27:27 Elite Skirmisher
30:00 Horse Collar
30:58 Town Watch
35:37 Gold Mining
38:20 Imperial Age
39:27 Conscription
41:17 Chemistry
41:27 Bodkin Arrow
Bol renversé Especial
6:20 Wheelbarrow
12:25 Feudal Age
14:35 Loom
14:42 Double-Bit Axe
19:14 Castle Age
18:55 Bow Saw
21:31 Forging
21:27 Scale Barding Armor
23:00 Cavalier
23:45 Husbandry
24:40 Gold Mining
30:30 Hand Cart
30:20 Horse Collar
31:51 Two-Man Saw
31:48 Iron Casting
34:02 Chain Barding Armor
TheEragon35
11:32 Feudal Age
12:15 Double-Bit Axe
12:53 Horse Collar
21:50 Castle Age
21:12 Gold Mining
22:04 Scale Mail Armor
23:55 Heavy Plow
24:07 Bow Saw
25:08 Wheelbarrow
26:49 Stone Mining
31:19 Bloodlines
31:09 Husbandry
32:15 Hand Cart
31:48 Loom
35:28 Gold Shaft Mining
35:26 Town Watch
37:37 Scale Barding Armor
42:58 Imperial Age
WhackNDaQuack
11:08 Feudal Age
10:12 Loom
16:15 Double-Bit Axe
21:53 Castle Age
21:36 Horse Collar
23:04 Padded Archer Armor
22:55 Fletching
23:30 Crossbowman
25:48 Gold Mining
27:27 Leather Archer Armor
27:52 Thumb Ring
31:58 Bodkin Arrow
35:06 Pikeman
39:20 Ballistics
nagou
1:26 Loom
12:08 Feudal Age
16:12 Castle Age
14:59 Horse Collar
15:07 Double-Bit Axe
17:05 Bow Saw
18:31 Heavy Plow
24:13 Wheelbarrow
23:52 Loom
26:45 Hand Cart
27:45 Chemistry
27:05 Pikeman
34:51 Imperial Age
33:57 Forging
33:48 Scale Mail Armor
33:48 Padded Archer Armor
33:39 Fletching
35:15 Houfnice
41:12 Halberdier
43:27 Iron Casting
43:08 Leather Archer Armor
42:49 Bodkin Arrow
43:09 Chain Mail Armor
Connection lost

Rejoining the realm…

Still unreachable

The connection could not be restored.

Session expired

The server has moved on; the page needs a fresh start.